[Event "FIDE World Rapid Chess Championship 2021"]
[White "Petrovskyi, Vadym"]
[Black "Kozak, Adam"]
[WhiteFideId "14165210"]
[BlackFideId "753246"]
[WhiteElo "2282"]
[BlackElo "2552"]
[Result "0-1"]
[Round "08"]
[TimeControl "900+10"]
[Date "2021.12.27"]
[WhiteClock "0:01:16"]
[BlackClock "0:00:55"]

1. e4 e5 2. Nf3 Nc6 3. d4 exd4 4. Bc4 Bc5 5. c3 Nf6 6. cxd4 Bb4+ 7. Bd2 Nxe4 8. Bxb4 Nxb4 9. Bxf7+ Kxf7 10. Qb3+ Kf8 11. Qxb4+ Qe7 12. Qxe7+ Kxe7 13. O-O Nf6 14. Re1+ Kd8 15. Nc3 d6 16. d5 Bd7 17. Nd4 Re8 18. f3 a5 19. g4 a4 20. g5 Nh5 21. Rxe8+ Kxe8 22. Re1+ Kf7 23. Ncb5 Ra5 24. Nxc7 Nf4 25. h4 Nxd5 26. Nxd5 Rxd5 27. Re4 Rc5 28. Kf2 h6 29. f4 Rc4 30. Ke3 Rc1 31. f5 hxg5 32. hxg5 Re1+ 33. Kd3 Rf1 34. Ke2 Rb1 35. b3 Rb2+ 36. Kf3 Rxa2 37. bxa4 Rxa4 38. Rf4 Ra3+ 39. Kf2 Ra2+ 40. Kf1 Ra5 41. Kf2 Re5 42. Kg3 b5 43. Rf2 Rd5 44. Rf4 Rc5 45. Rf2 Rc4 46. Rd2 b4 47. Kf3 Rc5 48. Ke4 Re5+ 49. Kf4 Rc5 50. Rf2 Rc4 51. Ke3 Rc3+ 52. Ke4 Bc6+ 53. Kf4 Bd5 54. Rd2 b3 55. Nb5 Rc4+ 56. Kg3 Rc5 57. Nd4 Be4 58. Nxb3 Rxf5 59. Rxd6 Rf3+ 60. Kg4 Rxb3 61. Kf4 Bg6 62. Rd7+ Kg8 63. Rd5 Rb4+ 64. Kg3 Kh7 65. Kh3 Be4 66. Rd6 Bf5+ 67. Kg3 Rg4+ 68. Kf3 Rxg5 69. Kf4 Rh5 70. Rd5 Bg6 0-1


[Site "http://www.Chess.com"]

[Event "FIDE World Rapid Chess Championship 2021"]
[White "Vokhidov, Shamsiddin"]
[Black "Gajewski, Grzegorz"]
[WhiteFideId "14204223"]
[BlackFideId "1116207"]
[WhiteElo "2546"]
[BlackElo "2496"]
[Result "1-0"]
[Round "08"]
[TimeControl "900+10"]
[Date "2021.12.27"]
[WhiteClock "0:06:27"]
[BlackClock "0:01:28"]

1. e4 c5 2. Nf3 e6 3. d4 cxd4 4. Nxd4 a6 5. g3 d5 6. Nc3 dxe4 7. Nxe4 e5 8. Nf3 Qxd1+ 9. Kxd1 Nc6 10. Be3 Bg4 11. Be2 O-O-O 12. Nfd2 Bf5 13. Bd3 g6 14. Ng5 Bxd3 15. cxd3 Nh6 16. Ke2 Re8 17. Rac1 f5 18. Nc4 Kb8 19. Nb6 f4 20. Nd7+ Kc7 21. Nf6 Bg7 22. Nxe8+ Rxe8 23. Bd2 Nf5 24. Kd1 h6 25. Ne4 f3 26. Be3 Rd8 27. Kd2 Kb8 28. Rc4 Bf8 29. a3 g5 30. g4 Nfd4 31. Bxd4 exd4 32. h3 Na5 33. Rc2 Bd6 34. Nxd6 Nb3+ 35. Kd1 Rxd6 36. Re1 Rf6 37. Re5 h5 38. gxh5 1-0


[Site "http://www.Chess.com"]

[Event "FIDE World Rapid Chess Championship 2021"]
[White "Kobalia, Mikhail"]
[Black "Gumularz, Szymon"]
[WhiteFideId "4119150"]
[BlackFideId "1188062"]
[WhiteElo "2543"]
[BlackElo "2452"]
[Result "0-1"]
[Round "08"]
[TimeControl "900+10"]
[Date "2021.12.27"]
[WhiteClock "0:01:02"]
[BlackClock "0:01:17"]

1. e4 c6 2. d4 d5 3. exd5 cxd5 4. Bd3 Nc6 5. c3 Nf6 6. Bf4 Bg4 7. Qb3 Qd7 8. Nd2 e6 9. Ngf3 Bd6 10. Bxd6 Qxd6 11. O-O O-O 12. Rae1 Rab8 13. Ne5 Bh5 14. Qc2 Rfc8 15. Qb1 b5 16. a3 Na5 17. b4 Nc4 18. Ndxc4 bxc4 19. Bc2 Bg6 20. Bxg6 hxg6 21. Re3 Nd7 22. f4 Nf6 23. Rh3 Kf8 24. g4 Ne4 25. Qe1 Ke7 26. Rh7 Rg8 27. Qh4+ Nf6 28. f5 gxf5 29. gxf5 Rbf8 30. Qg5 Ke8 31. Rh3 Ne4 32. Qe3 Nf6 33. Rhf3 Kd8 34. Kh1 Kc8 35. a4 Kb7 36. Rg1 Ka8 37. fxe6 Qxe6 38. Rfg3 g6 39. Qf3 Ne4 40. Rg4 Rh8 41. Kg2 g5 42. Kh1 f5 43. Rxg5 Nxg5 44. Rxg5 Rh7 45. Rg6 Qc8 46. Qxd5+ Qb7 47. Qxb7+ Kxb7 48. Nxc4 f4 49. Nd6+ Kb8 50. Kg1 f3 51. Ne4 Re7 52. Rg4 Rfe8 53. Ng3 Rc7 54. Re4 Rec8 55. h4 Rxc3 56. Rf4 Rg8 57. Kh2 f2 58. Ne4 Rc4 59. Nxf2 Rxb4 60. h5 Rg5 61. Rf8+ Kb7 62. Rf7+ Ka6 63. Nd3 Rxh5+ 64. Kg2 Rxd4 65. Nf4 Re5 66. Kf3 Rxa4 67. Nd3 Ra3 68. Kf4 Rb5 69. Ke4 Rc3 70. Kd4 Rc8 71. Ne5 Rd8+ 72. Ke4 Re8 73. Rf5 Ka5 74. Kd4 Rexe5 75. Rxe5 Rxe5 76. Kxe5 Kb4 77. Kd4 a5 78. Kd3 Kb3 79. Kd4 0-1


[Site "http://www.Chess.com"]

[Event "FIDE World Rapid Chess Championship 2021"]
[White "Zvjaginsev, Vadim"]
[Black "Heberla, Bartlomiej"]
[WhiteFideId "4113403"]
[BlackFideId "1115120"]
[WhiteElo "2539"]
[BlackElo "2437"]
[Result "0-1"]
[Round "08"]
[TimeControl "900+10"]
[Date "2021.12.27"]
[WhiteClock "0:00:50"]
[BlackClock "0:00:48"]

1. e4 e5 2. Nf3 Nc6 3. g3 Nf6 4. d3 d5 5. exd5 Qxd5 6. Bg2 Bg4 7. h3 Bh5 8. g4 Bg6 9. O-O O-O-O 10. Re1 e4 11. Nh4 Qd7 12. g5 Bh5 13. Qd2 Ne8 14. Rxe4 Nd6 15. Re1 h6 16. Na3 hxg5 17. Qxg5 Be7 18. Bxc6 Qxc6 19. Rxe7 f6 20. Qg2 g5 21. Qxc6 bxc6 22. Ng2 Nf5 23. Re6 Bf3 24. Ne1 Bd5 25. Rxf6 Rde8 26. Bd2 Rxh3 27. f3 Nd4 28. c4 Ne2+ 29. Kf2 Rh2+ 30. Ng2 g4 31. Bf4 Nxf4 32. Rxf4 Bxf3 33. Rxf3 gxf3 34. Kxf3 Rf8+ 35. Kg3 Rh7 36. Nc2 Rg7+ 37. Kh2 Rf2 38. Ne1 Rxb2 39. a4 a5 40. Kh3 Kd7 41. Nf4 Rg1 42. d4 Rf2 43. Nfd3 Re2 44. Ne5+ Kd6 45. N5f3 Rg7 46. Ra3 c5 47. Rd3 Re8 48. Ng2 cxd4 49. Rxd4+ Kc5 50. Rd5+ Kb4 51. Rb5+ Kxa4 52. Rb7 Rf8 53. Ne5 Rf5 54. Rb5 Rh5+ 55. Nh4 Rgh7 0-1


[Site "http://www.Chess.com"]

[Event "FIDE World Rapid Chess Championship 2021"]
[White "Donchenko, Alexander"]
[Black "Aziz, Husain"]
[WhiteFideId "24603295"]
[BlackFideId "12100293"]
[WhiteElo "2535"]
[BlackElo "2430"]
[Result "1-0"]
[Round "08"]
[TimeControl "900+10"]
[Date "2021.12.27"]
[WhiteClock "0:00:58"]
[BlackClock "0:00:03"]

1. Nf3 d5 2. g3 c6 3. Bg2 Bg4 4. h3 Bh5 5. O-O e6 6. d4 Nf6 7. c4 Nbd7 8. cxd5 exd5 9. Qb3 Qb6 10. Qe3+ Be7 11. Nh4 Bg6 12. Nc3 Qd8 13. Nxg6 hxg6 14. Qd3 O-O 15. Rb1 a5 16. h4 Re8 17. a3 a4 18. Bf3 Nb6 19. b3 axb3 20. Rxb3 Nc4 21. Rxb7 Bxa3 22. Bg5 Be7 23. Rfb1 Nd6 24. R7b6 Qd7 25. Bf4 Bf8 26. Kg2 Nfe4 27. Qc2 Ra3 28. Bxe4 dxe4 29. Bxd6 Bxd6 30. d5 e3 31. f3 Be5 32. dxc6 Qd2 33. Qxd2 exd2 34. Ne4 Ra2 35. Kf1 Rc2 36. Rd1 Rc1 37. Rb1 Rxc6 38. Kf2 f5 39. Nxd2 Bd4+ 40. Kf1 Rc2 41. Rb7 Bc3 42. Rd7 Ra8 43. Nb1 Be5 44. f4 Bf6 45. R7d2 Rxd2 46. Nxd2 Rd8 47. e3 Bc3 48. Ke2 Bxd2 49. Rxd2 Ra8 50. Rd5 Ra2+ 51. Kf3 Ra3 52. Re5 Kf7 53. g4 Kf6 54. g5+ Kf7 55. h5 Ra1 56. Rb5 gxh5 57. Rxf5+ Kg6 58. Rb5 Rf1+ 59. Kg2 Ra1 60. Rb2 Kf5 61. Kf3 Rf1+ 62. Rf2 Rxf2+ 63. Kxf2 Ke4 64. Kg3 g6 65. Kg2 Kxe3 66. f5 gxf5 67. g6 f4 68. g7 Ke2 69. g8=Q f3+ 70. Kg3 h4+ 71. Kxh4 f2 72. Qg2 Ke1 73. Qe4+ Kd1 74. Qf3+ Ke1 75. Qe3+ 1-0


[Site "http://www.Chess.com"]

[Event "FIDE World Rapid Chess Championship 2021"]
[White "Gabuzyan, Hovhannes"]
[Black "Blohberger, Felix"]
[WhiteFideId "13303732"]
[BlackFideId "1632051"]
[WhiteElo "2535"]
[BlackElo "2409"]
[Result "1-0"]
[Round "08"]
[TimeControl "900+10"]
[Date "2021.12.27"]
[WhiteClock "0:12:34"]
[BlackClock "0:04:01"]

1. f4 b6 2. e4 Bb7 3. Nc3 Nf6 4. e5 Ne4 5. Nf3 e6 6. Bd3 d5 7. Bxe4 dxe4 8. Ng5 e3 9. Qh5 Qe7 10. dxe3 Bxg2 11. Rg1 g6 12. Qe2 Bb7 13. b3 Nc6 14. Bb2 O-O-O 15. Rd1 Rxd1+ 16. Kxd1 h6 17. Nge4 Bg7 18. Kc1 Rd8 19. a3 Qh4 20. Kb1 Nxe5 21. fxe5 Bxe4 22. Rg4 Bxc2+ 23. Kxc2 Qh5 24. Ra4 Qxe2+ 25. Nxe2 Rd5 26. Nf4 Rc5+ 27. Rc4 Rxc4+ 28. bxc4 Kd7 29. a4 Kc6 30. Kd3 Bf8 31. Ne2 a6 32. h3 Be7 33. Bc1 Bf8 34. Nd4+ Kd7 35. e4 Bg7 36. c5 Bxe5 37. c6+ Ke7 38. Bxh6 Bxd4 39. Kxd4 Kd6 40. Bf8+ 1-0


[Site "http://www.Chess.com"]

[Event "FIDE World Rapid Chess Championship 2021"]
[White "Klekowski, Maciej"]
[Black "Holm, Kristian Stuvik"]
[WhiteFideId "1132717"]
[BlackFideId "1508083"]
[WhiteElo "2528"]
[BlackElo "2409"]
[Result "1/2-1/2"]
[Round "08"]
[TimeControl "900+10"]
[Date "2021.12.27"]
[WhiteClock "0:06:16"]
[BlackClock "0:03:37"]

1. c4 e6 2. Nf3 d5 3. b3 d4 4. e3 Nc6 5. exd4 Nxd4 6. Bb2 Bc5 7. b4 Nxf3+ 8. Qxf3 Bd4 9. Bxd4 Qxd4 10. Nc3 Nf6 11. Qe3 Qxe3+ 12. dxe3 Ke7 13. O-O-O e5 14. Be2 Be6 15. f4 c6 16. Kb2 Rhd8 17. a3 Rxd1 18. Rxd1 Rd8 19. Rxd8 Kxd8 20. c5 Nd5 21. Nxd5 Bxd5 22. g3 f6 23. Bg4 Kc7 24. Kc3 h6 25. Kd3 b6 26. fxe5 fxe5 27. Bf5 a5 28. Kc3 axb4+ 29. Kxb4 b5 30. a4 bxa4 31. Kxa4 Bf3 32. Be6 Be4 33. Kb4 Kd8 34. Bc4 Kc7 35. h4 Kd7 36. Kc3 Ke7 37. Bd3 Bd5 38. Bf5 Kd8 39. Kd3 Ke7 40. Kc3 Kd8 41. Bd3 Kc7 42. Kb4 1/2-1/2


[Site "http://www.Chess.com"]

[Event "FIDE World Rapid Chess Championship 2021"]
[White "Sankalp, Gupta"]
[Black "Murzin, Volodar"]
[WhiteFideId "5097010"]
[BlackFideId "44155573"]
[WhiteElo "2266"]
[BlackElo "2523"]
[Result "1-0"]
[Round "08"]
[TimeControl "900+10"]
[Date "2021.12.27"]
[WhiteClock "0:08:29"]
[BlackClock "0:02:57"]

1. d4 Nf6 2. Nf3 g6 3. Nc3 d6 4. e4 Bg4 5. h3 Bxf3 6. Qxf3 Nbd7 7. Be3 c6 8. g4 Bg7 9. O-O-O Qc7 10. g5 Nh5 11. h4 e5 12. d5 c5 13. Ne2 c4 14. Bh3 Nc5 15. Bg4 Nf4 16. Nxf4 exf4 17. Bxf4 Nd3+ 18. cxd3 cxd3+ 19. Kd2 Qa5+ 20. Kxd3 Qb5+ 21. Kd2 O-O 22. Qb3 Qa5+ 23. Kc2 Rfe8 24. f3 Bf8 1-0


[Site "http://www.Chess.com"]

[Event "FIDE World Rapid Chess Championship 2021"]
[White "Klimkowski, Jan"]
[Black "Michalik, Peter"]
[WhiteFideId "21856222"]
[BlackFideId "14907526"]
[WhiteElo "2211"]
[BlackElo "2515"]
[Result "1/2-1/2"]
[Round "08"]
[TimeControl "900+10"]
[Date "2021.12.27"]
[WhiteClock "0:03:12"]
[BlackClock "0:03:12"]

1. e4 e5 2. Nf3 Nc6 3. Bb5 a6 4. Ba4 Nf6 5. O-O Be7 6. Re1 b5 7. Bb3 O-O 8. c3 d6 9. h3 Nb8 10. d4 Nbd7 11. Nbd2 Bb7 12. Bc2 Re8 13. Nf1 Bf8 14. Ng3 g6 15. Bd2 c5 16. d5 c4 17. b4 cxb3 18. axb3 Qc7 19. Ne2 Nc5 20. Nc1 Bc8 21. b4 Ncd7 22. Nb3 Nb6 23. Na5 Bd7 24. Bd3 Bg7 25. Rc1 Nc4 26. Nxc4 bxc4 27. Bf1 a5 28. bxa5 Rxa5 29. Ra1 Rea8 30. Rxa5 Rxa5 31. Qb1 Nh5 32. Qb4 Ra4 33. Qb2 Nf4 34. Ra1 Rxa1 35. Qxa1 h6 36. Qa6 f5 37. exf5 Bxf5 38. Qxc4 Qxc4 39. Bxc4 Be4 40. Bxf4 exf4 41. Nd4 Bxd4 42. cxd4 g5 43. f3 Bg6 44. Kf2 Kf8 45. Ke2 Ke7 46. Bd3 Bf7 47. Be4 Kd8 48. Kd3 Kc7 49. Kc4 Kb6 50. Kb4 h5 51. Bd3 Bxd5 52. Bg6 h4 53. Bd3 Be6 54. Bc4 Bf5 55. Be2 Kc6 56. Kc3 Bg6 57. Bf1 Bf5 1/2-1/2


[Site "http://www.Chess.com"]

[Event "FIDE World Rapid Chess Championship 2021"]
[White "Yuffa, Daniil"]
[Black "Van Foreest, Lucas"]
[WhiteFideId "24131423"]
[BlackFideId "1039792"]
[WhiteElo "2514"]
[BlackElo "2374"]
[Result "1-0"]
[Round "08"]
[TimeControl "900+10"]
[Date "2021.12.27"]
[WhiteClock "0:06:30"]
[BlackClock "0:06:30"]

1. d4 Nf6 2. c4 e6 3. g3 d5 4. Bg2 Be7 5. Nf3 O-O 6. Qc2 c5 7. dxc5 Qa5+ 8. Nbd2 Qxc5 9. a3 Qc7 10. O-O e5 11. b4 Bg4 12. Bb2 Nbd7 13. Rac1 d4 14. Rfe1 Rfd8 15. c5 Nf8 16. h3 Be6 17. e3 d3 18. Qb1 Ng6 19. e4 a5 20. Ng5 Bc8 21. Qa2 Nh8 22. Qc4 axb4 23. axb4 b6 24. f4 Ba6 25. b5 Qxc5+ 26. Qxc5 Bxc5+ 27. Rxc5 bxc5 28. bxa6 exf4 29. e5 Nd5 30. e6 fxe6 31. Nxe6 Rd6 32. Bxd5 Rxd5 33. Nc7 Rxa6 34. Nxd5 Ng6 35. gxf4 Kf8 36. Re3 Ra2 37. Bc3 c4 38. f5 Nh8 39. Bb4+ Kg8 40. Re8+ Kf7 41. Rf8# 1-0


[Site "http://www.Chess.com"]

[Event "FIDE World Rapid Chess Championship 2021"]
[White "Czarnota, Pawel"]
[Black "Szpar, Milosz"]
[WhiteFideId "1121219"]
[BlackFideId "1184989"]
[WhiteElo "2511"]
[BlackElo "2315"]
[Result "1-0"]
[Round "08"]
[TimeControl "900+10"]
[Date "2021.12.27"]
[WhiteClock "0:03:53"]
[BlackClock "0:00:57"]

1. e4 c5 2. Nf3 d6 3. d4 Nf6 4. Nc3 cxd4 5. Nxd4 Nc6 6. f3 e5 7. Nb3 Be7 8. Be3 O-O 9. Qd2 a5 10. Bb5 Be6 11. O-O-O Na7 12. Bxa7 Rxa7 13. a4 Qb6 14. Kb1 Raa8 15. g4 Rfd8 16. g5 Nh5 17. Nd5 Bxd5 18. exd5 Nf4 19. h4 Rdc8 20. Rhe1 Qd8 21. Re4 f6 22. Rxf4 exf4 23. Nd4 fxg5 24. Ne6 Qb6 25. hxg5 Qe3 26. Qh2 Qxf3 27. Rh1 h6 28. gxh6 g5 29. h7+ Kf7 30. Be2 Qg3 31. Qh5+ Kf6 32. Bd3 Ke5 33. Qf7 Bf6 34. Rh6 Bh8 35. Qf5# 1-0


[Site "http://www.Chess.com"]

[Event "FIDE World Rapid Chess Championship 2021"]
[White "Harikrishna, Pentala"]
[Black "Peng, Li Min"]
[WhiteFideId "5007003"]
[BlackFideId "14112620"]
[WhiteElo "2705"]
[BlackElo "2411"]
[Result "1-0"]
[Round "08"]
[TimeControl "900+10"]
[Date "2021.12.27"]
[WhiteClock "0:07:39"]
[BlackClock "0:00:00"]

1. e4 d6 2. d4 Nf6 3. Nc3 e5 4. Nf3 Nbd7 5. Be2 Be7 6. g4 h6 7. Rg1 c6 8. a4 Qc7 9. Be3 b6 10. h4 Bb7 11. a5 bxa5 12. g5 hxg5 13. hxg5 Nh5 14. Qd2 g6 15. O-O-O Nf8 16. d5 c5 17. Bb5+ Nd7 18. Nxe5 dxe5 19. d6 Bxd6 20. Qxd6 O-O-O 21. Qe7 Nb6 22. Qxc5 Qxc5 23. Bxc5 Rxd1+ 24. Rxd1 f6 25. Rd6 fxg5 26. Rxg6 Nd7 27. Bxd7+ Kxd7 28. Rxg5 Ke6 29. f3 Nf6 30. Rg7 Nd7 31. Re7+ 1-0


[Site "http://www.Chess.com"]

[Event "FIDE World Rapid Chess Championship 2021"]
[White "Sadzikowski, Daniel"]
[Black "Vakhidov, Jakhongir"]
[WhiteFideId "1132253"]
[BlackFideId "14201801"]
[WhiteElo "2414"]
[BlackElo "2566"]
[Result "0-1"]
[Round "08"]
[TimeControl "900+10"]
[Date "2021.12.27"]
[WhiteClock "0:00:50"]
[BlackClock "0:00:36"]

1. Nf3 g6 2. e4 c5 3. c4 Bg7 4. d4 cxd4 5. Nxd4 Nc6 6. Be3 Qb6 7. Nb3 Qd8 8. Nc3 Bxc3+ 9. bxc3 Nf6 10. f3 d6 11. Be2 O-O 12. O-O b6 13. Nd4 Na5 14. Nb3 Nc6 15. Nd4 Qc7 16. Nb5 Qd7 17. Bg5 Rd8 18. Qe1 Ba6 19. Qh4 Ne8 20. f4 f6 21. Bh6 Qe6 22. f5 Qf7 23. fxg6 hxg6 24. Rf3 Bc8 25. Rg3 Ne5 26. Rf1 Qh7 27. Qf4 Kh8 28. h4 Be6 29. Nd4 Bg8 30. Nf3 Nc7 31. Nxe5 dxe5 32. Qc1 Ne6 33. Qe3 Nc5 34. h5 g5 35. Bxg5 Nxe4 36. Bh4 Nxg3 37. Qxg3 Qg7 38. Qe3 Bh7 39. Rf3 Rg8 40. Qf2 Raf8 41. c5 Qh6 42. cxb6 axb6 43. Qxb6 Be4 44. Rg3 Rxg3 45. Bxg3 Rg8 46. Qf2 Qc1+ 47. Kh2 Qxc3 48. Bf1 Qc1 49. a4 Qd1 50. Qe2 Qxe2 51. Bxe2 Ra8 52. Bb5 Bc2 53. Bc6 Rc8 54. Bb5 e4 55. Bf2 Bd3 56. Bd7 Rc2 57. Kg3 Ra2 58. Bc5 Kg7 59. Be3 Bf1 60. h6+ Kh8 61. Kf4 Bxg2 62. Bc5 e5+ 63. Kg3 Bf3 64. Be7 Rg2+ 65. Kh3 Rg6 66. Bf8 e3 67. Bf5 e2 68. Bxg6 e1=Q 69. Bg7+ Kg8 70. Bxf6 Qh1+ 71. Kg3 Qg2+ 0-1


[Site "http://www.Chess.com"]

[Event "FIDE World Rapid Chess Championship 2021"]
[White "Dvirnyy, Danyyil"]
[Black "Bellahcene, Bilel"]
[WhiteFideId "817570"]
[BlackFideId "696358"]
[WhiteElo "2550"]
[BlackElo "2397"]
[Result "0-1"]
[Round "08"]
[TimeControl "900+10"]
[Date "2021.12.27"]
[WhiteClock "0:01:18"]
[BlackClock "0:00:39"]

1. e4 c5 2. Nf3 Nc6 3. Nc3 Nf6 4. Bb5 Nd4 5. e5 Nxb5 6. Nxb5 Nd5 7. Ng5 f6 8. exf6 exf6 9. Qe2+ Be7 10. Nd6+ Kf8 11. Qh5 g6 12. Nxh7+ Rxh7 13. Qxh7 Bxd6 14. Qh8+ Ke7 15. Qg7+ Ke6 16. O-O Be5 17. d4 cxd4 18. f4 Bc7 19. Re1+ Kd6 20. c4 dxc3 21. bxc3 Kc6 22. c4 Nxf4 23. Qf7 Ne6 24. Qxg6 Be5 25. Rb1 Kc7 26. Bb2 Bxb2 27. Rxb2 Qe7 28. Rd2 b6 29. Qg3+ Kd8 30. Red1 f5 31. Qg8+ Qe8 32. Qh7 f4 33. Qe4 Rb8 34. Rd6 Ke7 35. Qe5 Rb7 36. h4 Qf7 37. h5 Qf6 38. Qe4 Rc7 39. Qh7+ Qf7 40. Qh8 f3 41. R1d5 Rc5 42. h6 f2+ 43. Kf1 Rxd5 44. Rxd5 Ba6 45. Qc3 Kd8 46. Rd2 Qf4 47. Rxf2 Qxh6 48. Kg1 Qh4 49. Qe5 Qxc4 50. Qb8+ Ke7 51. Qxa7 Qc1+ 52. Kh2 Qe3 53. Rf3 Qe5+ 54. Kg1 Nd4 55. Qxa6 Nxf3+ 56. gxf3 Qg3+ 57. Kf1 Qxf3+ 58. Ke1 Qe3+ 59. Kd1 Kd6 60. a4 Qb3+ 61. Kd2 Qb4+ 62. Kc2 Qa5 63. Qd3+ Kc7 64. Kb3 Qc5 65. Qe4 Qc6 66. Qe5+ Kb7 67. Qd4 Qe6+ 68. Kb4 d5 69. Kb3 Qe4 70. Qf6 Qc4+ 71. Kb2 d4 72. Qe7+ Ka6 73. Qd7 d3 74. Qe8 Ka5 75. Qa8+ Kb4 76. Qf8+ Kxa4 77. Qa8+ Kb4 78. Qf8+ Qc5 79. Qf4+ Ka5 80. Qh6 Qb4+ 81. Ka2 Qc4+ 82. Kb2 d2 83. Ka3 Qb4+ 84. Ka2 Qc4+ 85. Ka3 d1=Q 86. Qd2+ Kb5 87. Qb2+ Ka6 0-1


[Site "http://www.Chess.com"]

[Event "FIDE World Rapid Chess Championship 2021"]
[White "Nguyen, Thai Dai Van"]
[Black "Blanco Acevedo, Cristobal Jose"]
[WhiteFideId "358878"]
[BlackFideId "3900525"]
[WhiteElo "2488"]
[BlackElo "2289"]
[Result "1-0"]
[Round "08"]
[TimeControl "900+10"]
[Date "2021.12.27"]
[WhiteClock "0:01:54"]
[BlackClock "0:00:41"]

1. d4 Nf6 2. c4 g6 3. Nc3 Bg7 4. e4 d6 5. Be2 c5 6. d5 O-O 7. Nf3 Bg4 8. O-O Nbd7 9. h3 Bxf3 10. Bxf3 a6 11. a4 a5 12. Be2 Kh8 13. Be3 Ng8 14. Qd2 Qb6 15. Ra3 Qd8 16. f4 Ra6 17. Rb3 Rb6 18. Nb5 Ra6 19. g4 Ndf6 20. Bf3 Ne8 21. Kg2 Qd7 22. g5 f6 23. Bg4 f5 24. exf5 gxf5 25. Bf3 Nc7 26. h4 Raa8 27. Re1 Na6 28. Bf2 Nb4 29. Rbe3 Na6 30. Re6 Nc7 31. Nxc7 Qxc7 32. b3 Qb6 33. Bd1 Qb4 34. Qxb4 axb4 35. Bc2 b6 36. Kf3 Ra7 37. h5 h6 38. Bh4 Bc3 39. R1e2 Bg7 40. Bd3 Rc7 41. Rg2 Ra7 42. Rge2 Rc7 43. Rg6 hxg5 44. fxg5 Be5 45. Re6 Kg7 46. R2xe5 dxe5 47. Rxe5 Rd7 48. Kf4 Rd6 49. h6+ Nxh6 50. gxh6+ Rxh6 51. Bxe7 Rg8 52. Rxf5 Rh3 53. Be4 Rxb3 54. d6 Rb2 55. Rg5+ 1-0


[Site "http://www.Chess.com"]

[Event "FIDE World Rapid Chess Championship 2021"]
[White "Thybo, Jesper Sondergaard"]
[Black "Postny, Evgeny"]
[WhiteFideId "1438832"]
[BlackFideId "2804344"]
[WhiteElo "2401"]
[BlackElo "2454"]
[Result "1-0"]
[Round "08"]
[TimeControl "900+10"]
[Date "2021.12.27"]
[WhiteClock "0:00:22"]
[BlackClock "0:00:24"]

1. d4 Nf6 2. c4 e6 3. Nf3 Bb4+ 4. Bd2 Qe7 5. g3 Bxd2+ 6. Qxd2 Nc6 7. Nc3 d5 8. Ne5 dxc4 9. Nxc6 bxc6 10. Bg2 Nd5 11. O-O O-O 12. Rfc1 Rb8 13. Ne4 Qb4 14. e3 Qxb2 15. Qxb2 Rxb2 16. Rxc4 Nb4 17. Nc5 a5 18. a3 Nd5 19. Nd3 Rb3 20. Nc5 Rb2 21. Ra4 f6 22. Rxa5 e5 23. Ra8 exd4 24. exd4 Nb6 25. Ra7 Rd8 26. Rxc7 Rxd4 27. a4 Bf5 28. a5 Nc8 29. Re1 h5 30. Bxc6 Rc2 31. Bb7 Nd6 32. a6 Ra2 33. Ne6 Bxe6 34. Rxe6 Nb5 35. Rc8+ Kf7 36. Rb6 Rd1+ 37. Kg2 Nd6 38. Rcc6 Nf5 39. Rc7+ Kg8 40. Rc8+ Kf7 41. Be4 Ne3+ 42. Kf3 Ng4 43. Rc7+ Ke8 44. Rb8+ Rd8 45. Bg6+ 1-0


[Site "http://www.Chess.com"]

[Event "FIDE World Rapid Chess Championship 2021"]
[White "Erigaisi, Arjun"]
[Black "Krasenkow, Michal"]
[WhiteFideId "35009192"]
[BlackFideId "1113100"]
[WhiteElo "2397"]
[BlackElo "2430"]
[Result "1-0"]
[Round "08"]
[TimeControl "900+10"]
[Date "2021.12.27"]
[WhiteClock "0:05:31"]
[BlackClock "0:01:16"]

1. d4 d6 2. e4 Nf6 3. Nc3 c6 4. f4 Qa5 5. Bd3 e5 6. Nf3 Bg4 7. dxe5 dxe5 8. fxe5 Nfd7 9. Bf4 Bb4 10. O-O Bxc3 11. bxc3 O-O 12. Rb1 b6 13. e6 Qc5+ 14. Kh1 Bxe6 15. Ng5 Bxa2 16. e5 h6 17. Ne4 Qe7 18. Ra1 Bd5 19. Qh5 Bxe4 20. Bxe4 Nc5 21. Bf5 Ne6 22. Bxh6 g6 23. Bxg6 fxg6 24. Qxg6+ Ng7 25. Bxg7 1-0


[Site "http://www.Chess.com"]

[Event "FIDE World Rapid Chess Championship 2021"]
[White "Aditya, Mittal"]
[Black "Cuenca Jimenez, Jose Fernando"]
[WhiteFideId "35042025"]
[BlackFideId "2255570"]
[WhiteElo "1488"]
[BlackElo "2421"]
[Result "0-1"]
[Round "08"]
[TimeControl "900+10"]
[Date "2021.12.27"]
[WhiteClock "0:00:12"]
[BlackClock "0:00:48"]

1. d4 Nf6 2. c4 e6 3. Nf3 d5 4. Nc3 Nbd7 5. cxd5 exd5 6. Bg5 Be7 7. e3 c6 8. Bd3 Ne4 9. Bxe7 Qxe7 10. O-O O-O 11. Qc2 Ndf6 12. Ne5 Bf5 13. Ne2 g6 14. g4 Nxg4 15. Nxg4 Bxg4 16. f3 Bh3 17. fxe4 Qg5+ 18. Ng3 Bxf1 19. Bxf1 Qxe3+ 20. Qf2 Qxf2+ 21. Kxf2 Rad8 22. Rd1 Kg7 23. Bg2 dxe4 24. Nxe4 Rfe8 25. Nc3 f5 26. b4 Re7 27. a4 Red7 28. Ne2 a6 29. Rb1 Rd6 30. Rc1 R8d7 31. Rc5 Kf6 32. Bf3 Re7 33. b5 axb5 34. axb5 cxb5 35. Rxb5 b6 36. Nc3 Ra7 37. Nd5+ Kg5 38. Kg3 Ra5 39. h4+ Kh6 40. Rxb6 Raxd5 0-1


[Site "http://www.Chess.com"]

[Event "FIDE World Rapid Chess Championship 2021"]
[White "Smirin, Ilia"]
[Black "Saraci, Nderim"]
[WhiteFideId "2801990"]
[BlackFideId "6351921"]
[WhiteElo "2663"]
[BlackElo "2414"]
[Result "1/2-1/2"]
[Round "08"]
[TimeControl "900+10"]
[Date "2021.12.27"]
[WhiteClock "0:01:56"]
[BlackClock "0:00:29"]

1. e4 c5 2. Nf3 Nc6 3. Bb5 g6 4. c3 Bg7 5. d4 cxd4 6. cxd4 Nf6 7. Nc3 d5 8. Ne5 Bd7 9. Nxd7 Qxd7 10. e5 Ng8 11. h4 h5 12. Na4 e6 13. Rh3 Nge7 14. Nc5 Qc7 15. Rb3 Rb8 16. Bg5 O-O 17. Rc1 Nf5 18. Bxc6 Qxc6 19. f3 b5 20. g4 hxg4 21. fxg4 Nh6 22. Ra3 b4 23. Rxa7 Qb5 24. Qf3 Rbc8 25. Qf4 Kh7 26. Kd2 Ra8 27. Rb7 Qa5 28. Kd1 Qxa2 29. Bxh6 Bxh6 30. Rxf7+ Rxf7 31. Qxf7+ Kh8 32. Qf6+ Bg7 33. Qxg6 Qxb2 34. Nxe6 Qb3+ 35. Qc2 Qf3+ 36. Qe2 Qh1+ 37. Qe1 Qf3+ 38. Qe2 Qh1+ 39. Qe1 Qf3+ 40. Qe2 Qh1+ 1/2-1/2


[Site "http://www.Chess.com"]

[Event "FIDE World Rapid Chess Championship 2021"]
[White "Gagunashvili, Merab"]
[Black "Wieczorek, Oskar"]
[WhiteFideId "13601652"]
[BlackFideId "1133950"]
[WhiteElo "2538"]
[BlackElo "2367"]
[Result "1/2-1/2"]
[Round "08"]
[TimeControl "900+10"]
[Date "2021.12.27"]
[WhiteClock "0:03:29"]
[BlackClock "0:00:20"]

1. d4 Nf6 2. c4 c5 3. e3 g6 4. Nf3 Bg7 5. Nc3 O-O 6. Bd3 cxd4 7. exd4 d5 8. h3 Nc6 9. O-O Nb4 10. Be2 dxc4 11. Bxc4 Bf5 12. Bg5 Rc8 13. Bb3 h6 14. Bh4 Nbd5 15. Nxd5 Nxd5 16. Re1 g5 17. Bg3 e6 18. Qd2 Qb6 19. Be5 Qb4 20. Qxb4 Nxb4 21. Bd6 Nd3 22. Re2 Rfd8 23. Be5 Nxe5 24. dxe5 Bf8 25. Ree1 Bc5 26. Rad1 Bb6 27. Rxd8+ Rxd8 28. Re2 Rc8 29. Re1 Kf8 30. Rd1 Ke7 31. Nd4 Be4 32. Nb5 Rc5 33. Nd6 Rxe5 34. Nxe4 Rxe4 35. Kf1 Rb4 36. Rd2 a5 37. Bd1 Rc4 38. Rc2 Rd4 39. Be2 Rd8 40. Bf3 Rd7 41. Ke2 Bd4 42. b3 b6 43. Rc8 Bc5 44. a4 Rd4 45. Rc7+ Kf8 46. Bh5 Re4+ 47. Kd3 Rd4+ 48. Ke2 Rf4 49. f3 Kg7 50. Kd3 Rd4+ 51. Ke2 Rf4 52. Kd3 Kf8 53. Ke2 Be7 54. Rc4 Rf5 55. Rc8+ Kg7 56. Rc7 Bc5 57. Kd3 Kf8 58. Ke2 Re5+ 59. Kd3 Rd5+ 60. Ke2 Be7 61. Rb7 Rd6 62. Ke3 f5 63. Ke2 Rc6 64. Kd3 Bb4 65. Rf7+ Kg8 66. Rb7 Rd6+ 67. Kc4 Bc5 68. Kc3 Bd4+ 69. Kc4 Bc5 70. Kc3 e5 71. Rf7 e4 72. Rxf5 e3 73. f4 Rd2 74. fxg5 Bb4+ 75. Kc4 e2 76. Re5 Rc2+ 77. Kd3 Rd2+ 78. Kc4 Rc2+ 79. Kd3 Rd2+ 80. Kc4 Rc2+ 1/2-1/2


[Site "http://www.Chess.com"]